 Dungeon Crawl Stone Soup version 0.20.0-15-g7f486f2 (webtiles) character file.

73 grindst0ne the Sneak (level 4, -1/29 HPs)
             Began as an Octopode Assassin on June 11, 2017.
             Slain by ThereIsNoGod's ghost (4 damage)
             ... on level 3 of the Dungeon.
             The game lasted 00:03:17 (1983 turns).

grindst0ne the Sneak (Octopode Assassin)            Turns: 1983, Time: 00:03:18

Health: -1/29      AC:  1    Str: 10    XL:     4   Next: 27%
Magic:  4/4        EV: 15    Int: 13    God:
Gold:   123        SH:  0    Dex: 14    Spells: 3/3 levels left

rFire    . . .     SeeInvis .   a - +2 dagger
rCold    . . .     Gourm    .   (no shield)
rNeg     . . .     Faith    .   (helmet restricted)
rPois    .         Spirit   .   (no amulet)
rElec    .         Reflect  .   k - +3 ring of evasion
rCorr    .         Harm     .   (no ring)
MR       .....                  (no ring)
Stlth    ++++......             (no ring)
Regen    0.1/turn               (no ring)
MPRegen  0.1/turn               (no ring)
                                (no ring)
                                (no ring)

@: lethally poisoned (-1 -> -16), drained
A: almost no armour, stealthy swim, amphibious, 8 rings, constrict 8, camouflage
1, gelatinous body 1
a: no special abilities


You were on level 3 of the Dungeon.
You were not hungry.

You visited 1 branch of the dungeon, and saw 3 of its levels.

You collected 123 gold pieces.

Inventory:

Hand Weapons
 a - a +2 dagger (weapon)
 b - a +0 blowgun
Missiles
 c - 5 poisoned needles
 d - 2 curare-tipped needles
 l - 7 poisoned javelins (quivered)
Jewellery
 k - a +3 ring of evasion (left tentacle)
Scrolls
 e - 3 scrolls of identify {unknown}
 g - a scroll of amnesia {unknown}
 h - 2 scrolls of enchant armour {unknown}
 i - 2 scrolls of teleportation {unknown}
 j - 2 scrolls of fear {unknown}
 o - 2 scrolls of magic mapping {unknown}
 q - a scroll of fog {unknown}
Potions
 m - a potion of curing {unknown}
 n - a potion of mutation {unknown}
 r - a potion of heal wounds {unknown}
Comestibles
 f - 2 bread rations
 p - a meat ration
 s - a chunk of flesh


   Skills:
 - Level 2.0(1.6) Fighting
 + Level 3.0(2.7) Short Blades
 + Level 2.9(2.6) Throwing
 - Level 1.0(0.6) Dodging
 + Level 6.2(5.9) Stealth


You had 3 spell levels left.
You didn't know any spells.

Dungeon Overview and Level Annotations

Branches:
Dungeon (3/15)

Altars:
Qazlal

Annotations:
D:3 Jessica; ThereIsNoGod's ghost, amateur GrFi


Innate Abilities, Weirdness & Mutations

You cannot wear most types of armour.
You are very stealthy in the water. (Stealth+)
You are amphibious.
You can wear up to eight rings at the same time.
You can use your tentacles to constrict eight enemies at once.
Your skin changes colour to match your surroundings (Stealth+).
Your rubbery body absorbs attacks. (AC +1, EV +1)


Message History

s - a chunk of flesh You see here an adder skeleton.
There is a stone staircase leading down here.
(D) Dungeon
Where to? (Enter - D:2, ? - help)
You climb downwards.
Level annotation: Jessica; ThereIsNoGod's ghost, amateur GrFi A rat comes into view.
ThereIsNoGod's ghost hits you!
You feel drained. The orc barely misses you. ThereIsNoGod's ghost hits you!
* * * LOW HITPOINT WARNING * * *
You are lethally poisoned!
There is a stone staircase leading up, spattered with blood here.
You can't go down here!
(D) Dungeon
Where to? (Enter - D:3, ? - help)
There is a lethal amount of poison in your body!
* * * LOW HITPOINT WARNING * * *
You feel sick. The orc closely misses you. ThereIsNoGod's ghost hits you.
You die...

...o......#
..@.......#
...oo...$.#
..........#
..........#
..........#
......Wo..#.###
#.@.......
#.......#.###
#(.####.# >(r.
... .(. ... .#
..... .##. .#


You could see an orc wizard (wandering), ThereIsNoGod's ghost, Jessica
(wandering), 3 orcs and a rat (wandering).

Vanquished Creatures
  3 adders (D:2)
  A worm (D:2)
  A leopard gecko (D:1)
  A giant cockroach (D:2)
  8 hobgoblins
  5 kobolds
  A ball python (D:1)
  9 bats
  4 frilled lizards (D:1)
  4 goblins
  3 rats
40 creatures vanquished.

Notes
Turn   | Place    | Note
-------+----------+-------------------------------------------
     0 | D:1      | grindst0ne the Octopode Assassin began the quest for the Orb.
     0 | D:1      | Reached XP level 1. HP: 14/14 MP: 1/1
   191 | D:1      | Reached XP level 2. HP: 18/19 MP: 2/2
   680 | D:1      | Reached XP level 3. HP: 23/24 MP: 3/3
  1223 | D:2      | Reached skill level 6 in Stealth
  1352 | D:2      | Found a stormy altar of Qazlal.
  1775 | D:2      | Reached XP level 4. HP: 29/29 MP: 4/4
  1965 | D:3      | Noticed Jessica
  1971 | D:3      | Noticed ThereIsNoGod's ghost (amateur GrFi)
  1983 | D:3      | Slain by ThereIsNoGod's ghost

Skill      XL: |  1  2  3 |
---------------+----------+-----
Stealth        | 6 |  6.2
Short Blades   | 3 |  3.0
Fighting       | |  2.0
Throwing       | |  2.9
Dodging        | |  1.0

Action                   |  1- 3 |  4- 6 || total
-------------------------+-------+-------++-------
Melee: Dagger            |    68 |     7 ||    75
       Constrict         |    16 |     1 ||    17
       Tentacles         |    10 |     1 ||    11
 Fire: Blowgun           |       |     3 ||     3
 Stab: Sleeping          |    16 |     1 ||    17
  Eat: Chunk             |     2 |     1 ||     3
Armor: Skin              |     4 |       ||     4
Dodge: Dodged            |    47 |     9 ||    56
